 Dungeon Crawl Stone Soup version 0.30-a0-728-gc68057be0a (webtiles) character file.

Game seed: 1906932733453210762

21 Arximoufas the Digger (level 2, 27/27 HPs)
             Began as a Troll Earth Elementalist on Jan 30, 2023.
             Quit the game on level 2 of the Dungeon.
             The game lasted 00:02:41 (625 turns).

Arximoufas the Digger (Troll Earth Elementalist)     Turns: 625, Time: 00:02:41

Health: 27/27      AC:  4    Str: 15    XL:     2   Next: 62%
Magic:  2/2        EV:  9    Int: 11    God:
Gold:   70         SH:  0    Dex: 10    Spells: 2/3 levels left

rFire   . . .      SeeInvis .      - Unarmed
rCold   . . .      Faith    .    (no shield)
rNeg    . . .      Spirit   .    a - +0 robe
rPois   .          Reflect  .    (helmet restricted)
rElec   .          Harm     .    (no cloak)
rCorr   .          Rampage  .    (gloves unavailable)
Will    .....                    (boots unavailable)
Stlth   +                        (no amulet)
HPRegen 1.04/turn                (no ring)
MPRegen 0.08/turn                (no ring)

@: no status effects
A: large, unfitting armour, claws 3, regeneration 1, shaggy fur 1, tough skin 1
a: no special abilities


You were on level 2 of the Dungeon.
You visited 1 branch of the dungeon, and saw 2 of its levels.

You collected 70 gold pieces.

Inventory:

Armour
 a - a +0 robe (worn)
 h - a +0 tower shield
 j - a scarf of harm
Jewellery
 f - an amulet of reflection
 o - an amulet of magic regeneration
Scrolls
 d - a scroll of enchant weapon {unknown}
 k - a scroll of poison {unknown}
 m - a scroll of magic mapping {unknown}
 n - a scroll of identify {unknown}
Potions
 b - a potion of magic
 c - a potion of degeneration {unknown}
 e - a potion of ambrosia {unknown}
 g - a potion of might {unknown}
 i - a potion of mutation {unknown}
 l - a potion of flight {unknown}


   Skills:
 + Level 1.2 Fighting
 - Level 1.5 Dodging
 - Level 1.0 Stealth
 + Level 1.5 Unarmed Combat
 - Level 1.2 Spellcasting
 - Level 0.6 Transmutations
 - Level 2.6 Earth Magic


You had 2 spell levels left.
You knew the following spells:

 Your Spells              Type           Power      Damage    Failure   Level
a - Sandblast             Erth           12%        2d6       11%         1

Your spell library contained the following spells:

 Spells                   Type           Power      Damage    Failure   Level
 Passwall                 Tmut/Erth      3%         N/A       24%         2
 Stone Arrow              Conj/Erth      6%         3d7       50%         3
 Petrify                  Tmut/Erth      4%         N/A       85%         4


Dungeon Overview and Level Annotations

Branches:
Dungeon (2/15)

Altars:

Shops:
D:2 (


Innate Abilities, Weirdness & Mutations

You are too large for most types of armour.
You have claws for hands.
Your natural rate of healing is unusually fast.
You are covered in fur. (AC +1)
You have tough skin. (AC +1)


Message History

You scratch the goblin.
The goblin is heavily wounded.
The goblin hits you but does no damage.
You barely miss the goblin.
The goblin is heavily wounded.
The goblin hits you with a +0 dagger.
You claw the goblin!
You kill the goblin!
No target in view!
No target in view!
Things that are here:
a +0 dagger; a goblin corpse As you open the door, it creaks loudly!
There is an open door here.
You open the door.
There is an open door here.
Items here: )) ÷÷.
You now have 67 gold pieces (gained 5).
Done exploring.
Done exploring.
There is a stone staircase leading down here.
You climb downwards.
Found a dented malachite amulet, a human corpse and 3 gold pieces.
There is a stone staircase leading up here.
Found a hand axe.
Found Boxzaecs's Weapon Emporium.
o - an amulet of magic regeneration
Found a short sword and a ring mail.
Found a stone staircase leading up.
A frilled lizard comes into view.
The frilled lizard hisses angrily.
You see here 3 gold pieces.
You now have 70 gold pieces (gained 3).
The frilled lizard misses you.
You scratch the frilled lizard.
The frilled lizard is heavily wounded.
The frilled lizard barely misses you.
You claw the frilled lizard!
You kill the frilled lizard!
No target in view!
No target in view!
Are you sure you want to abandon this character and quit the game? (Confirm with "yes".)

##... . #...# .[
#... .#. #..#
....####..#
#.<.......# ..
#.)....#
#..#.##...#
#.....@.###
##.#.....###
#.##....##..
...##........
#... #.........
#.... #<........
.......##...##..
....### ....#..
.. ...†..


There were no monsters in sight!

Vanquished Creatures
  2 endoplasms (D:1)
  A giant cockroach (D:1)
  2 goblins (D:1)
  2 hobgoblins (D:1)
  3 kobolds (D:1)
  4 ball pythons (D:1)
  5 frilled lizards
19 creatures vanquished.

Notes
Turn   | Place    | Note
-------+----------+-------------------------------------------
     0 | D:1      | Arximoufas the Troll Earth Elementalist began the quest for
                  | the Orb.
     0 | D:1      | Reached XP level 1. HP: 16/16 MP: 1/1
   132 | D:1      | Reached skill level 1 in Unarmed Combat
   133 | D:1      | Reached XP level 2. HP: 26/26 MP: 2/2
   167 | D:1      | Reached skill level 1 in Fighting
   612 | D:2      | Found Boxzaecs's Weapon Emporium.
   625 | D:2      | Quit the game

Illustrated notes

Levels and vault maps discovered:
D:1:      ebering_hopf_link, layout_basic, minmay_pentomino_u4
D:2:      layout_rooms, serial_shops, nicolae_shop_bloodbath_and_beyond

Skill      XL: |  1  2 |
---------------+-------+-----
Unarmed Combat | 1 |  1.5
Fighting       | 1 |  1.2
Dodging        | |  1.5
Stealth        | |  1.0
Spellcasting   | |  1.2
Transmutations | |  0.6
Earth Magic    | |  2.6

Action                     || total
---------------------------++-------
  Melee: Unarmed           ||    47
         Punch             ||     1
   Stab: Sleeping          ||     1
 Armour: Robe              ||    11
  Dodge: Dodged            ||    18

Table legend: (Time is in decaauts)
 A = Elapsed time spent in this place.
 B = Non-inter-level travel time spent in this place.
 C = Inter-level travel time spent in this place.
 D = Time resting spent in this place.
 E = Time spent auto-exploring this place.
 F = Levels seen in this place.
 G = Mean time per level.
                   A        B        C        D        E       F      G
               +--------+--------+--------+--------+--------+-----+--------+
         Total |    624 |    592 |     32 |      0 |    448 |   2 |  312.0 |
       Dungeon |    624 |    592 |     32 |      0 |    448 |   2 |  312.0 |
               +--------+--------+--------+--------+--------+-----+--------+

Top non-repeatable levels by time:
     D:1: 610 daAuts
     D:2: 13 daAuts
